 Dungeon Crawl Stone Soup version 0.31-a0-133-gaae73658be (webtiles) character file.

Game seed: 12906648525081910457

119 Lolow the Poker (level 5, -1/39 HPs)
             Began as a Merfolk Gladiator on June 2, 2023.
             Was an Initiate of Zin.
             Succumbed to a gnoll's poison
             ... on level 3 of the Dungeon.
             The game lasted 00:12:32 (2423 turns).

Lolow the Poker (Merfolk Gladiator)                 Turns: 2423, Time: 00:12:32

Health: -1/39      AC:  5    Str: 16    XL:     5   Next: 3%
Magic:  5/5        EV: 13    Int:  7    God:    Zin [......]
Gold:   40         SH:  0    Dex: 16    Spells: 4/4 levels left

rFire   . . .        a - +0 trident
rCold   . . .        (no shield)
rNeg    . . .        b - +0 leather armour
rPois   .            c - +0 helmet
rElec   .            g - +0 cloak
rCorr   .            (no gloves)
SInv    .            (no boots)
Will    .....        (no amulet)
Stlth   ++           (no ring)
HPRegen 0.26/turn    (no ring)
MPRegen 0.09/turn

%: no passive effects
@: lethally poisoned (-1 -> -9)
A: (nimble swimmer 2), mertail
a: Renounce Religion, Donate Gold


You were on level 3 of the Dungeon.
You worshipped Zin.
Zin was noncommittal.
You visited 1 branch of the dungeon, and saw 3 of its levels.

You collected 91 gold pieces.
You donated 51 gold pieces to Zin.

Inventory:

Hand Weapons
 a - a +0 trident (weapon)
 d - a +0 dagger of venom
Armour
 b - a +0 leather armour (worn)
 c - a +0 helmet (worn)
 g - a +0 cloak (worn)
Scrolls
 k - 2 scrolls of teleportation
 m - a scroll of magic mapping {unknown}
Potions
 e - a potion of haste
 i - a potion of resistance
 l - a potion of mutation {unknown}


   Skills:
 + Level 2.5 Fighting
 + Level 5.6 Polearms
 + Level 2.2 Throwing
 + Level 1.1 Armour
 + Level 4.7 Dodging
 + Level 1.2 Stealth


You had 4 spell levels left.
You didn't know any spells.
Your spell library was empty.

Dungeon Overview and Level Annotations

Branches:
Dungeon (3/15)

Altars:
Zin


Innate Abilities, Weirdness & Mutations

((You are very nimble when in or above water. (Stealth+, EV+, Speed+++)))
Your lower body shifts to a powerful aquatic tail in water.


Message History

The gnoll shouts! x2
A gnoll comes into view. It is wielding a +0 flail.
As you close the door, it creaks loudly!
Something unseen breaks down the door.
Reach: a) +0 trident
Press: ? - help, Dir - move target, f - you
Okay, then.
Things that are here:
a +0 whip; a +0 robe; a kobold corpse Reach: a) +0 trident
Press: ? - help, Dir - move target, f - gnoll
Aim: a gnoll, wielding a +2 whip of venom (about 35% to evade your +0 trident)
You reach to attack!
You hit the gnoll.
The gnoll is heavily wounded.
The gnoll attacks as you move away! The gnoll misses you.
The gnoll attacks as you move away!
The gnoll hits you with a +2 whip of venom!
You are poisoned.
You feel very sick.
You feel very sick.
You feel very sick. The gnoll attacks as you move away!
The gnoll barely misses you.
You feel sick. The gnoll attacks as you move away!
The gnoll hits you with a +2 whip of venom.
You are more poisoned.
You feel very sick.
You feel sick. The gnoll attacks as you move away!
The gnoll hits you with a +2 whip of venom!
* * * LOW HITPOINT WARNING * * *
You are more poisoned.
* * * LOW HITPOINT WARNING * * *
You feel very sick.
You feel better. The gnoll closely misses you.
You hit the gnoll.
The gnoll is severely wounded.
The gnoll hits you with a +2 whip of venom!
* * * LOW HITPOINT WARNING * * *
You are lethally poisoned!
You hit the gnoll. Your punch misses the gnoll.
The gnoll is severely wounded.
You die...

#..)....'...'.......#
#.......#...#.......#
##.....##...##.....##
##...###....##..^##
#####.#.##.######
...#.#.##.#
...#g##.#####.#
#.#gg........#
#.@###.#####.#
#......# #..#####
#.#####.## #>.....<#
###.###.# #.# ... ###


You could see 3 gnolls.

Vanquished Creatures
  4 gnolls (D:2)
  3 adders
  A worm (D:2)
  A dart slug (D:2)
  7 endoplasms
  A giant cockroach (D:1)
  5 goblins
  5 hobgoblins
  A quokka (D:1)
  5 ball pythons
  3 bats
  4 frilled lizards (D:1)
  4 kobolds
  5 rats
49 creatures vanquished.

Notes
Turn   | Place    | Note
-------+----------+-------------------------------------------
     0 | D:1      | Lolow the Merfolk Gladiator began the quest for the Orb.
     0 | D:1      | Reached XP level 1. HP: 16/16 MP: 1/1
   215 | D:1      | Reached XP level 2. HP: 22/22 MP: 2/2
  1058 | D:2      | Found a glowing silver altar of Zin.
  1081 | D:2      | Reached XP level 3. HP: 21/28 MP: 3/3
  1516 | D:2      | Reached skill level 5 in Polearms
  1937 | D:2      | Reached XP level 4. HP: 34/34 MP: 4/4
  2003 | D:2      | Reached skill level 1 in Armour
  2016 | D:2      | HP: 1/34 [gnoll/+0 flail (9)]
  2019 | D:2      | Reached skill level 1 in Stealth
  2302 | D:2      | Became a worshipper of Zin the Law-Giver
  2303 | D:2      | Donated 42 gold pieces to Zin
  2366 | D:3      | Reached XP level 5. HP: 39/39 MP: 5/5
  2422 | D:3      | HP: 1/39 [gnoll/+2 whip of venom (8)]
  2423 | D:3      | Succumbed to a gnoll's poison

Illustrated notes

Levels and vault maps discovered:
D:1:      kennysheep_arrival_forest, layout_basic,
          chequers_serial_rivers_large_a, hangedman_decor_opposing,
          kennysheep_decorative_pillar
D:2:      cheibrodos_helix_gallery, layout_basic, basic_altar,
          grunt_ministairs_4
D:3:      kennysheep_six_static_rooms, layout_loops_ring, dk_vineyard_3,
          uniq_natasha

Skill      XL: |  1  2  3  4 |
---------------+-------------+-----
Polearms       | 5 |  5.6
Armour         | 1 |  1.1
Stealth        | 1 |  1.2
Fighting       | |  2.5
Throwing       | |  2.2
Dodging        | |  4.7

Action                     |  1- 3 |  4- 6 || total
---------------------------+-------+-------++-------
  Melee: Trident           |    91 |    41 ||   132
  Throw: Throwing net      |     7 |       ||     7
         Javelin           |     1 |       ||     1
 Invoke: Donate Gold       |       |     1 ||     1
    Use: Scroll            |       |     5 ||     5
         Potion            |       |     2 ||     2
   Stab: Sleeping          |     4 |     1 ||     5
 Armour: Leather armour    |    19 |     4 ||    23
  Dodge: Dodged            |    41 |    26 ||    67

Table legend: (Time is in decaauts)
 A = Elapsed time spent in this place.
 B = Non-inter-level travel time spent in this place.
 C = Inter-level travel time spent in this place.
 D = Time resting spent in this place.
 E = Time spent auto-exploring this place.
 F = Levels seen in this place.
 G = Mean time per level.
                   A        B        C        D        E       F      G
               +--------+--------+--------+--------+--------+-----+--------+
         Total |   2411 |   2273 |    138 |    723 |   1137 |   3 |  803.7 |
       Dungeon |   2411 |   2273 |    138 |    723 |   1137 |   3 |  803.7 |
               +--------+--------+--------+--------+--------+-----+--------+

Top non-repeatable levels by time:
     D:2: 1274 daAuts
     D:1: 1026 daAuts
     D:3: 110 daAuts
